 Dungeon Crawl Stone Soup version 0.30.0-3-ga4e48a9924 (webtiles) character file.

Game seed: 15055904703253924035

210 lessens the Chopper (level 5, -1/40 HPs)
             Began as a Hill Orc Hexslinger on May 8, 2023.
             Was a Follower of Beogh.
             Slain by a cerulean imp
             ... wielding a +2 spear
             ... summoned by Natasha
              (4 damage)
             ... on level 2 of the Dungeon.
             The game lasted 00:04:44 (2979 turns).

lessens the Chopper (Hill Orc Hexslinger)           Turns: 2979, Time: 00:04:44

Health: -1/40      AC:  6    Str: 13 (15) XL:     5   Next: 87%
Magic:  6/6        EV: 10    Int: 10 (13) God:    Beogh [*.....]
Gold:   168        SH:  0    Dex: 10 (11) Spells: 5/6 levels left

rFire   . . .        t - +0 hand axe
rCold   . . .        (no shield)
rNeg    . . .        n - +0 ring mail
rPois   .            (no helmet)
rElec   .            i - +0 cloak
rCorr   .            (no gloves)
SInv    .            (no boots)
Will    .....        (no amulet) Stlth
                     (no ring)
HPRegen 0.26/turn    (no ring)
MPRegen 0.10/turn

%: no passive effects
@: slowed, very slow
A: no striking features
a: Renounce Religion


You were on level 2 of the Dungeon.
You worshipped Beogh.
Beogh was aware of your devotion.
You visited 1 branch of the dungeon, and saw 3 of its levels.

You collected 168 gold pieces.

Inventory:

Hand Weapons
 a - a +1 sling
 t - a +0 hand axe (weapon)
Missiles
 m - 9 poisoned darts
 r - 35 stones
 u - 6 javelins
Armour
 c - a +0 robe
 i - a +0 cloak (worn)
 n - a +0 ring mail (worn)
 p - a +0 helmet
Scrolls
 b - a scroll of poison
 e - a scroll of immolation {unknown}
 f - 5 scrolls of identify {unknown}
 g - a scroll of magic mapping {unknown}
 j - 2 scrolls of fear {unknown}
 o - a scroll of vulnerability {unknown}
 s - a scroll of enchant armour {unknown}
 w - a scroll of fog {unknown}
Potions
 d - a potion of degeneration
 h - a potion of brilliance {unknown}
 k - a potion of curing
 l - a potion of berserk rage {unknown}
 q - a potion of lignification {unknown}
 v - 2 potions of heal wounds
 x - a potion of magic {unknown}
 z - a potion of attraction {unknown}


   Skills:
 - Level 1.2 Fighting
 + Level 7.2 Axes
 - Level 1.7 Ranged Weapons
 - Level 1.5 Dodging
 - Level 1.0 Spellcasting
 - Level 3.0 Hexes


You had 5 spell levels left.
You knew the following spells:

 Your Spells              Type           Power      Damage    Failure   Level
a - Slow                  Hex            24%        N/A       22%         1

Your spell library contained the following spells:

 Spells                   Type           Power      Damage    Failure   Level
 Summon Small Mammal      Summ           0%         N/A       58%         1
 Inner Flame              Hex/Fire       3%         N/A       77%         3
 Portal Projectile        Hex/Tloc       6%         N/A       77%         3
 Summon Guardian Golem    Hex/Summ       3%         N/A       77%         3
 Cause Fear               Hex            3%         N/A       91%         4
 Call Canine Familiar     Summ           0%         N/A       92%         3


Dungeon Overview and Level Annotations

Branches:
Dungeon (3/15) Zot: 14887

Altars:
Gozag
Sif Muna

Shops:
D:2 *

Annotations:
D:2 Natasha
D:3 Grinder


Message History

Natasha is almost dead.
Natasha howls an incantation.
You feel disoriented.
Natasha zaps a wand.
The bolt of light hits you!!
You are confused.
Non-targeted confused fire: a) +1 sling
Press: ? - help, Q - select action, (/) - cycle Dir - look around, f - activate You shoot a sling bullet.
Natasha closely misses you.
Non-targeted confused fire: a) +1 sling
Press: ? - help, Q - select action, (/) - cycle Dir - look around, f - activate Look: Natasha, carrying a wand of light (7) (almost dead)
You shoot a sling bullet.
You feel less confused.
Natasha zaps a wand.
The bolt of light hits you.
You are confused.
Natasha casts a spell at you. The magic dart hits you.
* * * LOW HITPOINT WARNING * * *
Non-targeted confused fire: a) +1 sling
Press: ? - help, Q - select action, (/) - cycle Dir - look around, f - activate You shoot a sling bullet.
Natasha casts a spell.
Non-targeted confused fire: a) +1 sling
Press: ? - help, Q - select action, (/) - cycle Dir - look around, f - activate Look: Natasha, carrying a wand of light (6) (almost dead)
You shoot a sling bullet. Natasha casts a spell at you.
You feel yourself slow down. Natasha misses you.
t - a +0 hand axe (weapon)
You feel less confused.
The cerulean imp hits you from afar with a +2 spear.
* * * LOW HITPOINT WARNING * * *
You hit Natasha.
Natasha is almost dead.
Natasha casts a spell at you. The magic dart hits you.
* * * LOW HITPOINT WARNING * * *
The cerulean imp hits you from afar with a +2 spear.
You die...

......# #.####.##........##...
.#.#### #......#..######..#...
.#.# #.###.##.##....##.##.# ...#
#.# #.#..#..))..#..#.. #.##
#.###.#..#..##..#..#.# #∩#
#...#.#.....##..#....#
..##########.#.#.#.........#.....
......)......#.#.##..#....##.....
.†###..)...)...h@.#..######.....#
#.# #.########5##.##.))†..).....#
#.# #.#### ##.##..###...)###....
#.# #....####........######..)###
#.# #..........#####....))..#.#
#.# #....#####.# ##########.# ..#
###### #.# #.# ..# #≈# #.# #.#
#.# #≈## #.# #.#


You could see Natasha and a cerulean imp (summoned).

Vanquished Creatures
  A jelly (D:3)
  Jessica (D:3)
  Natasha (twice) (D:2)
  Robin (D:2)
  2 adders
  2 orcs
  5 ball pythons
  3 endoplasms
  A giant cockroach (D:2)
  11 hobgoblins
  7 jackals
  A quokka (D:2)
  6 bats
  7 frilled lizards
  15 goblins
  4 kobolds
  2 rats
71 creatures vanquished.

Vanquished Creatures (others)
  Sigmund (D:2)
  An orc (D:2)
  An endoplasm (D:2)
  5 toadstools (D:1)
8 creatures vanquished.

Grand Total: 79 creatures vanquished

Notes
Turn   | Place    | Note
-------+----------+-------------------------------------------
     0 | D:1      | lessens the Hill Orc Hexslinger began the quest for the
                  | Orb.
     0 | D:1      | Reached XP level 1. HP: 16/16 MP: 2/2
   214 | D:1      | Reached skill level 1 in Axes
   503 | D:1      | Reached skill level 2 in Axes
   503 | D:1      | Reached XP level 2. HP: 23/23 MP: 3/3
   708 | D:1      | Reached skill level 3 in Axes
   910 | D:1      | Reached XP level 3. HP: 28/28 MP: 4/4
  1233 | D:2      | Became a worshipper of Beogh the Brigand
  1450 | D:2      | Found Isif's General Store.
  1465 | D:2      | Reached skill level 4 in Axes
  1551 | D:2      | Noticed Robin
  1578 | D:2      | Killed Robin
  1584 | D:2      | Reached XP level 4. HP: 28/35 MP: 5/5
  1776 | D:2      | Killed Sigmund
  1829 | D:2      | Reached skill level 5 in Axes
  1839 | D:2      | Reached * piety under Beogh
  1992 | D:2      | Noticed Natasha
  2001 | D:2      | Killed Natasha
  2077 | D:2      | Found an opulent altar of Gozag.
  2381 | D:2      | Noticed Natasha
  2389 | D:2      | Killed Natasha
  2390 | D:2      | Reached skill level 6 in Axes
  2390 | D:2      | Reached XP level 5. HP: 27/40 MP: 6/6
  2442 | D:3      | Noticed Jessica
  2447 | D:3      | Killed Jessica
  2541 | D:3      | Reached skill level 7 in Axes
  2629 | D:3      | Found a faded altar of an unknown god.
  2861 | D:3      | Found a shimmering blue altar of Sif Muna.
  2876 | D:3      | Noticed Grinder
  2968 | D:2      | Noticed Natasha
  2979 | D:2      | Slain by a cerulean imp

Illustrated notes

Levels and vault maps discovered:
D:1:      ldierk_walled_garden, layout_loops_corners
D:2:      cheibrodos_pilgrimage, layout_loops_ring, serial_shops, shop,
          basic_altar, chequers_serial_rivers_small_3,
          minmay_randomly_rotated_circles, uniq_sigmund, uniq_natasha,
          uniq_robin
D:3:      layout_rooms, nicolae_sif_muna_little_library,
          nicolae_vehumet_altar_sigil, nicolae_ecumenical_pavilion,
          chequers_serial_rivers_room_a, uniq_jessica, uniq_grinder

Skill      XL: |  1  2  3  4  5 |
---------------+----------------+-----
Axes           | 2 3 4 6 7 |  7.2
Fighting       | |  1.2
Ranged Weapons | |  1.7
Dodging        | |  1.5
Spellcasting   | |  1.0
Hexes          | |  3.0

Action                     |  1- 3 |  4- 6 || total
---------------------------+-------+-------++-------
  Melee: Hand axe          |       |     1 ||     1
   Fire: Sling             |   158 |   152 ||   310
  Throw: Stone             |    14 |       ||    14
   Cast: Slow              |     2 |       ||     2
 Invoke: Convert to Beogh  |     1 |       ||     1
    Use: Potion            |       |     2 ||     2
 Armour: Robe              |    20 |       ||    20
         Ring mail         |    28 |    45 ||    73
  Dodge: Dodged            |    91 |    69 ||   160

Levels and vault maps discovered:
D:1:      ldierk_walled_garden, layout_loops_corners
D:2:      cheibrodos_pilgrimage, layout_loops_ring, serial_shops, shop,
          basic_altar, chequers_serial_rivers_small_3,
          minmay_randomly_rotated_circles, uniq_sigmund, uniq_natasha,
          uniq_robin
D:3:      layout_rooms, nicolae_sif_muna_little_library,
          nicolae_vehumet_altar_sigil, nicolae_ecumenical_pavilion,
          chequers_serial_rivers_room_a, uniq_jessica, uniq_grinder
